 Dungeon Crawl Stone Soup version 0.29.0-13-gc9e81de378 (webtiles) character file.

Game seed: 9605285472408653072

5754 LynnLen the Eclecticist (level 10, -9/45 HPs)
             Began as a Spriggan Conjurer on Sept 10, 2022.
             Was a Follower of Ashenzari.
             Mangled by a wyvern (14 damage)
             ... on level 8 of the Dungeon.
             The game lasted 00:55:24 (13259 turns).

LynnLen the Eclecticist (Spriggan Conjurer)        Turns: 13259, Time: 00:55:25

Health: -9/45      AC:  5    Str:  3    XL:     10   Next: 49%
Magic:  17/30      EV: 21    Int: 23    God:    Ashenzari [*.....]
Gold:   421        SH:  0    Dex: 15    Spells: 22/39 levels left

rFire   . . .      SeeInvis +   v - +0 dagger of Ashenzari's Augurer {Melee, Cun} (curse)
rCold   . . .      Faith    .   (no shield)
rNeg    . . .      Spirit   .   a - +1 robe
rPois   .          Reflect  .   (helmet restricted)
rElec   .          Harm     .   D - +1 cloak {Will+}
rCorr   .          Rampage  .   (gloves unavailable)
Will    ++...                   (boots unavailable)
Stlth   ++++......              (no amulet)
HPRegen 0.15/turn               b - ring "Stellar Seeker" {Fly, Comp, Alch} (curse)
MPRegen 0.22/turn               (no ring)

@: flying, very quick
A: very small, no large weapons, unfitting armour, see invisible, speed 3
a: Renounce Religion, Curse Item, Shatter the Chains


You were on level 8 of the Dungeon.
You worshipped Ashenzari.
Ashenzari was aware of your devotion.
You visited 1 branch of the dungeon, and saw 8 of its levels.

You collected 421 gold pieces.

Inventory:

Hand Weapons
 v - the cursed +0 dagger of Ashenzari's Augurer (weapon) {Melee, Cun}
   (You found it on level 6 of the Dungeon)

   It has a curse which improves the following skills: Melee Combat: Short
   Blades, Long Blades, Axes, Maces & Flails, Polearms, Staves and Unarmed
   Combat.
   Cunning:   Dodging and Stealth.
Armour
 a - a +1 robe (worn)
 D - a +1 cloak of willpower (worn)
Jewellery
 b - the cursed ring "Stellar Seeker" (left hand) {Fly, Comp, Alch}
   (You found it on level 7 of the Dungeon)

   [ring of flight]

   Fly:       It grants you flight.
   It has a curse which improves the following skills: Companions: Summonings
   and Necromancy.
   Alchemy:   Poison Magic and Transmutations.
 z - a ring of ice
Wands
 j - a wand of roots (5)
 y - a wand of acid (7)
 A - a wand of flame (21)
 B - a wand of paralysis (13)
Scrolls
 c - 2 scrolls of poison
 d - a scroll of fear
 g - a scroll of silence
 h - a scroll of blinking
 k - 3 scrolls of teleportation
 m - a scroll of butterflies
 q - a scroll of immolation
 r - a scroll of vulnerability
 t - 2 scrolls of brand weapon
 x - a scroll of magic mapping
Potions
 e - a potion of curing
 f - 2 potions of haste
 i - a potion of mutation
 l - 2 potions of invisibility
 n - 2 potions of attraction
 o - 2 potions of heal wounds
 p - a potion of berserk rage
 s - a potion of ambrosia
 u - a potion of cancellation
 w - a potion of brilliance
 C - a potion of lignification


   Skills:
 + Level 1.2 Fighting
 * Level 7.0(7.8) Dodging
 + Level 8.9(9.8) Stealth
 + Level 15.2 Spellcasting
 + Level 5.1 Conjurations
 + Level 5.7 Hexes
 - Level 2.8 Air Magic
 - Level 3.3(4.1) Poison Magic


You had 22 spell levels left.
You knew the following spells:

 Your Spells              Type           Power      Damage    Failure   Level
a - Magic Dart            Conj           100%       1d8       1%          1
b - Searing Ray           Conj           82%        2d7       1%          2
c - Dazzling Flash        Conj/Hex       84%        N/A       1%          3
d - Mephitic Cloud        Conj/Pois/Air  36%        N/A       1%          3
e - Fulminant Prism       Conj/Hex       21%        3d13      3%          4
f - Iskenderun's Mystic   Conj/Tloc      29%        2d7       12%         4

Your spell library contained the following spells:

 Spells                   Type           Power      Damage    Failure   Level
 Tukima's Dance           Hex            43%        N/A       1%          3
 Portal Projectile        Hex/Tloc       60%        N/A       3%          3
 Summon Guardian Golem    Hex/Summ       30%        N/A       3%          3
 Call Imp                 Summ           17%        N/A       4%          2
 Gell's Gravitas          Tloc           17%        N/A       10%         3
 Teleport Other           Tloc           17%        N/A       10%         3
 Blade Hands              Tmut           8%         N/A       65%         5
 Starburst                Conj/Fire      14%        6d6       87%         6
 Orb of Destruction       Conj           20%        9d8       98%         7
 Dispersal                Tloc           8%         N/A       99%         6
 Spellforged Servitor     Conj/Summ      14%        N/A       100%        7
 Borgnjor's Revivificati  Necr           8%         N/A       100%        8
 Necromutation            Tmut/Necr      8%         N/A       100%        8
 Death's Door             Necr           8%         N/A       100%        9


Dungeon Overview and Level Annotations

Branches:
Dungeon (8/15)             Temple (0/1) D:4
   Lair: D:8-11

Altars:
Ashenzari
Elyvilon
Fedhas
Hepliaklqana
Makhleb
Nemelex Xobeh
Okawaru
Wu Jian
Yredelemnul

Shops:
D:7 *

Portals:
Abyss: D:8

Annotations:
D:8 2 transporters, howech's ghost, novice MiFi


Innate Abilities, Weirdness & Mutations

You are very small and have problems with some larger weapons.
You are too small for most types of armour.
You have supernaturally acute eyesight. (SInv)
You cover ground extremely quickly. (Speed+++)


Message History

The bullfrog is heavily wounded. (Press . to maintain the ray.)
The searing ray hits the bullfrog!
The bullfrog is almost dead.
The bullfrog misses you.
The searing ray misses the bullfrog.
The bullfrog hits you but does no damage.
The searing ray hits the bullfrog!
You kill the bullfrog!
You finish channelling your searing ray.
Your Dodging skill increases to level 7!
You see here a bullfrog corpse.
A wyvern comes into view.
Aiming: Searing Ray (safe; 1% risk of failure)
Press: ? - help, Q - select action, (/) - cycle Shift-Dir - straight line, f - wyvern
Aim: a wyvern (asleep, 100% to hit)
The searing ray hits the wyvern.
The wyvern is lightly wounded.
The wyvern hisses angrily. (Press . to maintain the ray.)
The searing ray hits the wyvern.
The wyvern is moderately wounded.
The wyvern misses you.
The searing ray hits the wyvern.
The wyvern is heavily wounded.
The wyvern completely misses you. The wyvern closely misses you.
The searing ray hits the wyvern.
The wyvern is severely wounded.
You finish channelling your searing ray.
The wyvern bites you!
Aiming: Searing Ray (safe; 1% risk of failure)
Press: ? - help, Q - select action, (/) - cycle Shift-Dir - straight line, f/p - wyvern
Aim: a wyvern (heavily wounded, 82% to hit)
The searing ray misses the wyvern. (Press . to maintain the ray.)
The wyvern misses you. The wyvern bites you.
The searing ray misses the wyvern.
The wyvern bites you!
* * * LOW HITPOINT WARNING * * *
The searing ray misses the wyvern.
The wyvern bites you!
You die...

#g#.........
#W#©.####.# #x##..#
###. #...# #
.∩^{##...#
#.########.#
...##....#
#...........
..©#.....# #.....#
.#.#.....# #l#####
.. ###...#### #@# ..
#......# #.# ##
###..##.####.### .##
#x#............#
..##.##..##.###.##.#
...###......# #.##.#
............###.##.#
..........#.##..##.#
######....#.##.###.#


You could see a wyvern.

Vanquished Creatures
  Maurice (D:8)
  A wyvern (D:7)
  Eustachio (D:5)
  A vampire (D:7)
  Menkaure (D:5)
  Edmund (D:6)
  2 water moccasins
  Duvessa (D:6)
  An ice beast (D:7)
  3 sky beasts (D:7)
  3 orc warriors
  A black bear (D:7)
  An ogre (D:5)
  A centaur (D:7)
  3 phantoms
  2 kobold brigands
  A necrophage (D:4)
  4 bullfrogs
  A wyvern zombie (D:5)
  Dowan (D:6)
  2 hounds
  3 jellies
  4 orc priests
  A gnoll bouda (D:6)
  Crazy Yiuf (D:6)
  2 iguanas
  A killer bee zombie (D:5)
  4 orc wizards
  5 gnolls (D:6)
  7 adders
  A shadow imp (D:5)
  An ufetubus (D:4)
  4 dart slugs
  25 orcs
  5 ball pythons
  7 bats
  13 endoplasms
  5 giant cockroaches
  7 goblins
  8 hobgoblins
  4 jackals
  6 quokkas
  4 frilled lizards
  14 kobolds
  3 rats
168 creatures vanquished.

Vanquished Creatures (others)
  28 fulminant prisms
  3 fungi
  3 plants
34 creatures vanquished.

Grand Total: 202 creatures vanquished

Notes
Turn   | Place    | Note
-------+----------+-------------------------------------------
     0 | D:1      | LynnLen the Spriggan Conjurer began the quest for the Orb.
     0 | D:1      | Reached XP level 1. HP: 9/9 MP: 5/5
   192 | D:1      | Reached skill level 3 in Spellcasting
   270 | D:1      | Reached XP level 2. HP: 13/13 MP: 0/7
   469 | D:1      | Found a faded altar of an unknown god.
  1011 | D:1      | Learned a level 2 spell: Searing Ray
  1104 | D:1      | Reached XP level 3. HP: 8/16 MP: 1/8
  2774 | D:2      | Reached XP level 4. HP: 21/21 MP: 6/10
  2778 | D:2      | Learned a level 3 spell: Dazzling Flash
  2782 | D:2      | Learned a level 3 spell: Mephitic Cloud
  2941 | D:3      | Found a blossoming altar of Fedhas.
  3259 | D:3      | Found a sparkling altar of Nemelex Xobeh.
  3545 | D:3      | Found a broken altar of Ashenzari.
  3801 | D:3      | Became a worshipper of Ashenzari the Shackled
  3844 | D:3      | Reached skill level 4 in Spellcasting
  3934 | D:3      | Found a white marble altar of Elyvilon.
  3971 | D:3      | Found a hazy altar of Hepliaklqana.
  4119 | D:3      | Found an iron altar of Okawaru.
  4123 | D:3      | Found a burning altar of Makhleb.
  4509 | D:4      | Noticed a necrophage
  4656 | D:4      | Killed a necrophage
  4657 | D:4      | Reached skill level 5 in Stealth
  4657 | D:4      | Reached skill level 1 in Hexes
  4657 | D:4      | Reached skill level 1 in Poison Magic
  4657 | D:4      | Reached XP level 5. HP: 24/24 MP: 5/12
  4895 | D:4      | Reached skill level 1 in Air Magic
  5334 | D:4      | Reached XP level 6. HP: 28/28 MP: 9/13
  5497 | D:4      | Found a hazy altar of Hepliaklqana.
  5923 | D:4      | Noticed a water moccasin
  5938 | D:4      | Found a staircase to the Ecumenical Temple.
  5991 | D:4      | Killed a water moccasin
  6493 | D:5      | Entered Level 5 of the Dungeon
  6493 | D:5      | Noticed Eustachio
  6550 | D:5      | Noticed Menkaure
  6842 | D:5      | Killed Menkaure
  6843 | D:5      | Reached skill level 5 in Spellcasting
  6843 | D:5      | Reached XP level 7. HP: 9/32 MP: 6/15
  7693 | D:5      | Learned a level 4 spell: Fulminant Prism
  8009 | D:5      | Killed Eustachio
  8162 | D:5      | Found an ornate altar of the Wu Jian Council.
  8257 | D:5      | Reached XP level 8. HP: 36/36 MP: 6/17
  8345 | D:5      | Found a basalt altar of Yredelemnul.
  8613 | D:6      | You fall into a shaft and drop 1 floor!
  8817 | D:6      | Noticed Edmund
  9043 | D:6      | Reached skill level 6 in Spellcasting
  9606 | D:6      | Killed Edmund
  9719 | D:6      | Noticed Dowan
  9747 | D:6      | Noticed Duvessa
  9926 | D:6      | Killed Dowan
  9927 | D:6      | Reached skill level 5 in Dodging
 10260 | D:6      | Reached * piety under Ashenzari
 10616 | D:6      | Found a runed translucent door.
 10617 | D:6      | Noticed Crazy Yiuf
 10996 | D:6      | Killed Duvessa
 10997 | D:6      | Reached skill level 5 in Hexes
 11405 | D:6      | Killed Crazy Yiuf
 11488 | D:7      | Reached XP level 9. HP: 31/39 MP: 11/20
 11549 | D:7      | Reached skill level 15 in Spellcasting
 11549 | D:7      | Reached XP level 10. HP: 44/44 MP: 20/30
 11783 | D:7      | Reached skill level 5 in Conjurations
 12074 | D:7      | Learned a level 4 spell: Iskenderun's Mystic Blast
 12497 | D:7      | Reached skill level 1 in Fighting
 12711 | D:7      | Found Jyar's Overcharged Wands.
 12916 | D:8      | Noticed Maurice
 12943 | D:8      | Killed Maurice
 12991 | D:8      | Found a transporter.
 13011 | D:8      | Found a one-way gate to the infinite horrors of the Abyss.
 13011 | D:8      | Noticed howech's ghost (novice MiFi)
 13012 | D:8      | Found a transporter.
 13021 | D:8      | Noticed a white ugly thing
 13259 | D:8      | Mangled by a wyvern

Illustrated notes

Levels and vault maps discovered:
D:1:      mrwooster_arrival_arrow, layout_loops_ring,
          shapermc_ecumenical_altar_mp_urbaneastern,
          amcnicky_mini_corridor_feature, st_stairs_9
D:2:      layout_loops_ring
D:3:      layout_rooms, nicolae_ashenzari_panopticon,
          mainiacjoe_overflow_concentric_impassable,
          nicolae_overflow_crystal_walls, mainiacjoe_overflow_boulevard,
          nicolae_overflow_hidden_temple, mainiacjoe_overflow_chevrons,
          columned_hall_lemuel, solitary_fountain
D:4:      layout_basic, minmay_temple_entry_large_hall, minmay_ruined_shrine
D:5:      layout_basic, nicolae_wu_jian_immortal_techniques,
          lemuel_zombie_altar_yredelemnul, kennysheep_pointless_box,
          uniq_eustachio, uniq_menkaure
D:6:      layout_basic, roderic_roman_lattice, kennysheep_nondescript,
          minmay_fountain_box, corexii_corridor_pit, uniq_crazy_yiuf_cottage,
          uniq_duvessa, uniq_edmund
D:7:      layout_basic, nicolae_shop_overcharged_wands
D:8:      layout_basic, kennysheep_mini, gammafunk_ghost_abyssal_escape,
          uniq_maurice

Skill      XL: |  1  2  3  4  5  6  7  8  9 10 |
---------------+-------------------------------+-----
Conjurations   | 3 4 5 |  5.1
Spellcasting   | 3 4 5 6 15 | 15.2
Stealth        | 4 5 6 8 |  8.9
Hexes          | 1 2 3 5 |  5.7
Poison Magic   | 1 2 3 |  3.3
Air Magic      | 1 2 |  2.8
Dodging        | 5 7 |  7.0
Fighting       | 1 |  1.2

Action                   |  1- 3 |  4- 6 |  7- 9 | 10-12 || total
-------------------------+-------+-------+-------+-------++-------
Melee: Unarmed           |     9 |     2 |     1 |       ||    12
       Dagger            |       |       |    15 |       ||    15
 Cast: Magic Dart        |   120 |    26 |    50 |    24 ||   220
       Searing Ray       |     2 |    35 |    55 |    19 ||   111
       Fulminant Prism   |       |       |    10 |    18 ||    28
       Mephitic Cloud    |       |       |     4 |     1 ||     5
       Dazzling Flash    |       |       |     1 |     4 ||     5
       Iskenderun's Myst |       |       |       |     2 ||     2
Invok: Curse Item        |       |       |     2 |       ||     2
Evoke: Wand              |       |       |       |     4 ||     4
  Use: Scroll            |       |     9 |     3 |     1 ||    13
       Potion            |       |       |     3 |     1 ||     4
Armor: Robe              |     6 |       |    30 |     2 ||    38
Dodge: Dodged            |    25 |    20 |    94 |    43 ||   182
